 Dungeon Crawl Stone Soup version 0.22.1-2-g9c5b331383 (webtiles) character file.

128 Jynx the Sneak (level 4, -5/21 HPs)
             Began as a Spriggan Enchanter on Nov 26, 2018.
             Killed from afar by Natasha (10 damage)
             ... with a magic dart
             ... on level 3 of the Dungeon.
             The game lasted 00:07:12 (3313 turns).

Jynx the Sneak (Spriggan Enchanter)                 Turns: 3313, Time: 00:07:12

Health: -5/21      AC:  4    Str:  6    XL:     4   Next: 87%
Magic:  1/9        EV: 20    Int: 16    God:
Gold:   100        SH:  4    Dex: 17    Spells: 2/8 levels left

rFire    . . .     SeeInvis +   g - +0 short sword (speed)
rCold    + . .     Gourm    .   (shield restricted)
rNeg     . . .     Faith    .   b - +0 robe
rPois    +         Spirit   .   (helmet restricted)
rElec    .         Reflect  +   (no cloak)
rCorr    .         Harm     .   (gloves unavailable)
MR       .....                  (boots unavailable)
Stlth    +++.......             o - +4 amulet of reflection
HPRegen  0.07/turn              m - ring of poison resistance
MPRegen  0.11/turn              n - ring of protection from cold

@: flying, very slightly contaminated, slowed, quick
A: very small, unfitting armour, antennae 1, molten scales 1, see invisible,
herbivore, speed 3, slow metabolism 2, strong 1
a: no special abilities


You were on level 3 of the Dungeon.
You were near starving.

You visited 1 branch of the dungeon, and saw 4 of its levels.

You collected 100 gold pieces.

Inventory:

Hand Weapons
 a - a +1 dagger
 g - a +0 short sword of speed (weapon)
Armour
 b - a +0 robe (worn)
Jewellery
 m - a ring of poison resistance (left hand)
 n - a ring of protection from cold (right hand)
 o - a +4 amulet of reflection (around neck)
 r - an uncursed ring of wizardry {unknown}
Wands
 c - a wand of iceblast (12)
Scrolls
 e - 4 scrolls of remove curse
 h - a scroll of teleportation {unknown}
 i - 2 scrolls of magic mapping {unknown}
 j - a scroll of noise {unknown}
 k - 2 scrolls of random uselessness {unknown}
 l - a scroll of amnesia {unknown}
Comestibles
 d - 11 rations


   Skills:
 + Level 3.1 Short Blades
 + Level 4.8 Dodging
 + Level 6.2 Stealth
 - Level 2.6 Spellcasting
 - Level 3.6 Hexes


You had 2 spell levels left.
You knew the following spells:

 Your Spells              Type           Power        Failure   Level  Hunger
a - Corona                Hex            ##.....      4%          1    #......
b - Ensorcelled Hibernat  Hex/Ice        #.....       14%         2    ##.....
c - Confuse               Hex            ##......     13%         3    ###....

Your spell library contained the following spells:

 Spells                   Type           Power        Failure   Level  Hunger
 Tukima's Dance           Hex            ##......     13%         3    ###....
 Dazzling Spray           Conj/Hex       #.....       28%         3    ###....


Dungeon Overview and Level Annotations

Branches:
Dungeon (4/15)
 Temple: D:4-7

Altars:
Gozag
Wu Jian
Xom

Shops:
D:2 *

Annotations:
D:3 Natasha


Innate Abilities, Weirdness & Mutations

You are very small and have problems with some larger weapons.
You are too small for most types of armour.
You have supernaturally acute eyesight. (SInv)
You are a herbivore.
You cover ground extremely quickly.
You need to consume almost no food.
You have a pair of small antennae on your head.
You are partially covered in molten scales. (AC +2)
Your muscles are strong. (Str +2)


Message History

Casting: Corona (safe; 4% risk of failure)
Confirm with . or Enter, or press ? or * to list all spells.
You don't know that spell.
Casting: Corona (safe; 4% risk of failure)
Confirm with . or Enter, or press ? or * to list all spells.
Aiming: Ensorcelled Hibernation (safe; 14% risk of failure)
Press: ? - help, Shift-Dir - straight line, f/p - Natasha
Aim: Natasha (lightly wounded, chance to defeat MR: 38%) Natasha resists with some effort.
Natasha claws you.
* * * LOW HITPOINT WARNING * * *
Natasha misses you. Natasha misses you.
You fly upwards.
The shadow imp disappears in a puff of smoke!
You flicker back into view.
There is a stone staircase leading down here.
Natasha mumbles some strange words.
Natasha casts a spell at you. The magic dart hits you!
You die...

...###.....# ###.##.##...... ...#
##....# #.....รท.#...... ####
#....# ##.#.#..#......
#######....#########......#......
...........#.......#......#......
..........##.......#.#.#..#......
..........##.......#.#.#..####...
.....[....##..5....#.#.#..# ####
........#>...h..@........<#
........############...####
........# ##### ........#
...(....# ........# #########


You could see Natasha and a shadow imp.

Vanquished Creatures
  An adder (D:2)
  4 gnolls (D:2)
  3 oozes
  An adder skeleton (D:4)
  A worm (D:2)
  4 dart slugs
  2 leopard geckos
  2 bats (D:3)
  2 giant cockroaches
  5 goblins
  5 hobgoblins
  4 jackals (D:1)
  3 quokkas
  3 frilled lizards
  7 kobolds
  8 rats
55 creatures vanquished.

Notes
Turn   | Place    | Note
-------+----------+-------------------------------------------
     0 | D:1      | Jynx the Spriggan Enchanter began the quest for the Orb.
     0 | D:1      | Reached XP level 1. HP: 9/9 MP: 5/5
   443 | D:1      | Reached XP level 2. HP: 7/13 MP: 3/6
   726 | D:1      | Reached skill level 5 in Stealth
  1340 | D:1      | Learned a level 2 spell: Ensorcelled Hibernation
  1359 | D:2      | Reached XP level 3. HP: 16/16 MP: 8/8
  1894 | D:2      | Gained mutation: Your muscles are strong. (Str +2) [potion
                  | of mutation]
  1894 | D:2      | Gained mutation: You have a pair of small antennae on your
                  | head. [potion of mutation]
  1894 | D:2      | Gained mutation: You are partially covered in molten
                  | scales. (AC +2) [potion of mutation]
  1975 | D:2      | Learned a level 3 spell: Confuse
  1999 | D:2      | Found an opulent altar of Gozag.
  2003 | D:2      | Found Gozag's Platinum Reserve.
  2010 | D:2      | Reached XP level 4. HP: 20/21 MP: 4/9
  2316 | D:2      | Found a shimmering altar of Xom.
  2495 | D:3      | Reached skill level 6 in Stealth
  2875 | D:3      | Found an ornate altar of the Wu Jian Council.
  3269 | D:4      | Noticed Natasha
  3313 | D:3      | Killed from afar by Natasha

Skill      XL: |  1  2  3  4 |
---------------+-------------+-----
Stealth        | 5 6 |  6.2
Short Blades   | 2 3 |  3.1
Dodging        | 4 |  4.8
Spellcasting   | |  2.6
Hexes          | |  3.6

Action                   |  1- 3 |  4- 6 || total
-------------------------+-------+-------++-------
Melee: Dagger            |    26 |       ||    26
       Short sword       |   115 |   116 ||   231
 Cast: Corona            |     7 |     3 ||    10
       Ensorcelled Hiber |     3 |     3 ||     6
       Confuse           |     1 |     6 ||     7
  Use: Potion            |     3 |     3 ||     6
       Scroll            |       |     4 ||     4
 Stab: Sleeping          |     6 |     7 ||    13
       Confused          |     1 |     3 ||     4
       Distracted        |     1 |       ||     1
Armor: Robe              |    11 |     5 ||    16
Dodge: Dodged            |   104 |    50 ||   154
Block: Other             |       |     4 ||     4
